 Dungeon Crawl Stone Soup version 0.22.1-2-g9c5b331 (webtiles) character file.

1507 Leeroy the Carver (level 8, -7/61 HPs)
             Began as a Black Draconian Skald on Dec 31, 2018.
             Was an Initiate of Okawaru.
             Mangled by Harold
             ... wielding a +4 hand axe of chopping
              (11 damage)
             ... on level 7 of the Dungeon.
             The game lasted 00:18:16 (7573 turns).

Leeroy the Carver (Black Draconian Skald)           Turns: 7573, Time: 00:18:16

Health: -7/61      AC: 14    Str: 13    XL:     8   Next: 53%
Magic:  11/11      EV: 15    Int: 16    God:    Okawaru [......]
Gold:   427        SH:  0    Dex: 14    Spells: 2/11 levels left

rFire    . . .     SeeInvis .   v - +2 dagger (distort)
rCold    . . .     Gourm    .   (no shield)
rNeg     . . .     Faith    .   (armour unavailable)
rPois    +         Spirit   .   E - +2 hat
rElec    +         Reflect  .   Q - +2 cloak {rPois}
rCorr    .         Harm     .   f - +2 pair of gloves {Dex+3}
MR       .....                  (no boots)
Stlth    +.........             (no amulet)
HPRegen  0.20/turn              (no ring)
MPRegen  0.12/turn              (no ring)

@: no status effects
A: breathe lightning, unfitting armour, electricity resistance, cold-blooded, AC
+6
a: Breathe Lightning, Renounce Religion


You were on level 7 of the Dungeon.
You worshipped Okawaru.
Okawaru was noncommittal.
You were hungry.

You visited 2 branches of the dungeon, and saw 8 of its levels.

You collected 427 gold pieces.

Inventory:

Hand Weapons
 a - a +0 falchion
 g - a +0 dagger of speed
 j - a -1 spear
 q - a +2 falchion of draining
 v - a +2 dagger of distortion (weapon)
 F - a +0 shortbow
 G - a +0 long sword
 H - a +0 hunting sling
 M - a +2 falchion of slicing
 P - a +2 dagger of protection
 S - a +0 war axe
 V - a +0 fustibalus
 X - a +2 flail of holy wrath
 Y - a +3 dagger
Missiles
 i - 33 sling bullets
 k - 3 needles of sleeping
 l - 239 stones (quivered)
 m - 25 bolts
 o - 6 poisoned needles
 r - 104 arrows
 z - 5 tomahawks
 K - 3 tomahawks of dispersal
 L - 4 javelins of penetration
Armour
 f - a +2 pair of gloves of dexterity (worn)
 y - a +0 hat
 B - a +0 cloak
 E - a +2 hat (worn)
 I - a +1 shield
 Q - a +2 cloak of poison resistance (worn)
 U - a +1 cloak
Magical Staves
 C - an uncursed staff of air
Jewellery
 e - an uncursed ring of protection from fire {unknown}
 D - a cursed ring of teleportation
 J - an uncursed ring of stealth {unknown}
 O - a cursed -3 ring of protection {unknown}
Wands
 w - a wand of acid (5)
 Z - a wand of polymorph (10)
Scrolls
 h - 3 scrolls of immolation {unknown}
 p - a scroll of blinking {unknown}
 t - 2 scrolls of teleportation
 u - 3 scrolls of remove curse
 T - a scroll of fog {unknown}
Potions
 b - a potion of curing {unknown}
 d - a potion of brilliance {unknown}
 n - a potion of ambrosia {unknown}
 s - a potion of agility {unknown}
 x - 3 potions of haste {unknown}
 A - 2 potions of degeneration {unknown}
 N - 2 potions of flight {unknown}
 R - a potion of experience {unknown}
Comestibles
 c - 11 rations
 W - 2 chunks of flesh


   Skills:
 - Level 2.1 Fighting
 * Level 8.6 Long Blades
 + Level 5.3 Dodging
 - Level 2.0 Spellcasting
 + Level 3.2 Hexes
 - Level 2.6 Charms
 - Level 0.1 Necromancy


You had 2 spell levels left.
You knew the following spells:

 Your Spells              Type           Power        Failure   Level  Hunger
a - Infusion              Chrm           ##..         7%          1    #......
b - Spectral Weapon       Hex/Chrm       ##......     19%         3    ###....
c - Regeneration          Chrm/Necr      #.........   34%         3    ###....
d - Shroud of Golubria    Chrm/Tloc      #.........   19%         2    ###....

Your spell library contained the following spells:

 Spells                   Type           Power        Failure   Level  Hunger
 Slow                     Hex            ##......     9%          2    ###....
 Song of Slaying          Chrm           ##......     11%         2    ###....
 Magic Dart               Conj           #...         21%         1    #......
 Blink                    Tloc           N/A          30%         2    ###....
 Call Imp                 Summ           #.......     30%         2    ###....
 Conjure Flame            Conj/Fire      #.......     52%         3    ###....
 Mephitic Cloud           Conj/Pois/Air  #.......     52%         3    ###....


Dungeon Overview and Level Annotations

Branches:
Dungeon (7/15)             Temple (1/1) D:7

Altars:
Kikubaaqudgha
Okawaru
Sif Muna
Trog
Uskayaw
Xom
Yredelemnul

Annotations:
D:7 Harold


Innate Abilities, Weirdness & Mutations

You can breathe wild blasts of lightning.
Your glossy black scales are hard. (AC +6)
You cannot fit into any form of body armour.
You are resistant to electric shocks. (rElec)
You are cold-blooded and may be slowed by cold attacks.


Message History

Harold throws a throwing net.
The throwing net hits you.
You become entangled in the net!
You struggle against the net.
You struggle against the net.
Harold casts a spell at you. The harpoon shot hits you!
You are yanked forward by the harpoon shot.
You hit Harold.
Space warps horribly around Harold!
You tail-slap Harold, but do no damage.
Harold is moderately wounded.
You closely miss Harold.
Your tail-slap misses Harold.
Harold is moderately wounded.
Harold hits you with a hand axe of chopping!!
* * * LOW HITPOINT WARNING * * *
x2 Unknown command.
Okay, then.
You barely miss Harold.
Your tail-slap misses Harold.
Harold is moderately wounded.
Harold hits you with a hand axe of chopping!
You die...

####>'.......'.....+.............
.....#...###.#.....#####.....###.
####.#...###รท######## #.....# #.
....)...............# #.....# #.
....................# #.....# #.
..).................# #.....# #.
....................####.....# #.
........)......@....#........# .
...........)....@...#....#####
....................#....#
....................#....#
....................#....# ##
..................a.)....+ ..
...................(#....# #.
...................#....# ###.
..................###### ....
.........[.......# ####


You could see Harold and a worker ant.

Vanquished Creatures
  An ice beast (D:5)
  2 centaurs
  An ogre (D:5)
  3 scorpions
  3 crimson imps
  2 jellies
  6 orc wizards
  4 hounds
  3 iguanas
  3 worker ants
  A gnoll (D:1)
  12 adders
  2 shadow imps
  2 oozes
  5 worms
  3 dart slugs
  5 leopard geckos
  20 orcs
  5 giant cockroaches
  8 goblins
  6 hobgoblins
  6 jackals
  8 kobolds
  5 quokkas
  A ball python (D:4)
  11 bats
  7 frilled lizards
  A jackal zombie (D:7)
  3 rats
139 creatures vanquished.

Vanquished Creatures (others)
  An ogre (D:4)
  A bullfrog (D:6)
  2 orc wizards
  An adder (D:5)
  An adder zombie (D:5)
  An orc (D:4)
7 creatures vanquished.

Grand Total: 146 creatures vanquished

Notes
Turn   | Place    | Note
-------+----------+-------------------------------------------
     0 | D:1      | Leeroy the Draconian Skald began the quest for the Orb.
     0 | D:1      | Reached XP level 1. HP: 17/17 MP: 3/3
   195 | D:1      | Reached XP level 2. HP: 24/24 MP: 5/5
   242 | D:1      | Reached skill level 3 in Long Blades
   374 | D:1      | Reached XP level 3. HP: 27/29 MP: 6/6
   383 | D:1      | Learned a level 3 spell: Spectral Weapon
   697 | D:2      | Found an ancient bone altar of Kikubaaqudgha.
  1109 | D:2      | Reached skill level 4 in Long Blades
  1380 | D:2      | Reached XP level 4. HP: 32/36 MP: 7/7
  1385 | D:2      | Learned a level 3 spell: Regeneration
  2038 | D:3      | Reached skill level 5 in Long Blades
  2596 | D:3      | Reached XP level 5. HP: 30/41 MP: 8/8
  3280 | D:4      | Reached skill level 6 in Long Blades
  3330 | D:4      | Reached skill level 1 in Hexes
  3402 | D:4      | Reached XP level 6. HP: 37/48 MP: 9/9
  4389 | D:5      | Entered Level 5 of the Dungeon
  4683 | D:5      | Your scales start taking on a glossy black colour.
  4683 | D:5      | Reached XP level 7. HP: 55/55 MP: 10/10
  4683 | D:5      | Gained mutation: You are resistant to electric shocks.
                  | (rElec) [Black Draconian growth]
  4741 | D:5      | Reached skill level 7 in Long Blades
  5959 | D:6      | Reached XP level 8. HP: 61/61 MP: 11/11
  6011 | D:5      | Learned a level 2 spell: Shroud of Golubria
  6018 | D:5      | Reached skill level 8 in Long Blades
  6266 | D:6      | HP: 2/61 [centaur/arrow (12)]
  6764 | D:6      | Found a basalt altar of Yredelemnul.
  7176 | D:7      | Found a staircase to the Ecumenical Temple.
  7188 | Temple   | Entered the Ecumenical Temple
  7193 | Temple   | Became a worshipper of Warmaster Okawaru
  7253 | D:7      | Reached skill level 5 in Dodging
  7544 | D:7      | Noticed Harold
  7573 | D:7      | Mangled by Harold

Skill      XL: |  1  2  3  4  5  6  7  8 |
---------------+-------------------------+-----
Long Blades    | 3 4 5 6 7 8 |  8.6
Hexes          | 1 2 3 |  3.2
Dodging        | 4 5 |  5.3
Fighting       | |  2.1
Spellcasting   | |  2.0
Charms         | |  2.6
Necromancy     | |  0.1

Action                   |  1- 3 |  4- 6 |  7- 9 || total
-------------------------+-------+-------+-------++-------
Melee: Falchion          |    22 |       |       ||    22
       Dagger            |   146 |   344 |   201 ||   691
       Tailslap          |    23 |    37 |    32 ||    92
 Cast: Spectral Weapon   |       |     4 |       ||     4
       Regeneration      |       |     1 |       ||     1
  Use: Scroll            |     2 |     5 |     6 ||    13
       Potion            |       |       |     1 ||     1
 Stab: Sleeping          |     1 |     2 |       ||     3
  Eat: Chunk             |     1 |    12 |     5 ||    18
       Ration            |       |       |     1 ||     1
Armor: Skin              |    66 |    97 |    61 ||   224
Dodge: Dodged            |   121 |   163 |   118 ||   402
       Rpst.: Falchion   |     5 |       |       ||     5
